[Event "*** SCC Grand Prix: Titled Tuesday Blitz"]
[Site "Chess.com"]
[Date "2020.10.06"]
[Round "8"]
[White "zmeeed67"]
[Black "vladimirdamjanovic"]
[Result "1-0"]
[WhiteElo "2386"]
[BlackElo "2528"]
[TimeControl "180+1"]
[EndTime "11:36:55 PDT"]
[Termination "zmeeed67 won by checkmate"]

1. e4 c5 2. g3 d6 3. Bg2 Nc6 4. Ne2 g6 5. O-O Bg7 6. Nbc3 Bg4 7. h3 Bxe2 8. Nxe2 e6 9. c3 Nge7 10. d3 O-O 11. Kh2 b5 12. a3 a5 13. d4 cxd4 14. cxd4 d5 15. e5 Qb6 16. g4 Nxd4 17. Be3 Bxe5+ 18.
f4 Bg7 19. Bxd4 Bxd4 20. Qxd4 Qd6 21. Kg1 Rfc8 22. Rac1 Rc4 23. Rxc4 bxc4 24. Rd1 Rb8 25. Rd2 Qb6 26. Qxb6 Rxb6 27. Kf2 Nc6 28. Ke3 Rb3+ 29.
Kf2 Kf8 30. f5 Ke7 31. fxe6 fxe6 32. Ke1 Kd6 33. Kd1 Kc5 34. Kc2 g5 35. Rd1 Re3 36. Kd2 Rb3 37. Kc2 e5 38. Rxd5+ Kb6 39. Rd6 Re3 40. Rxc6+ Kb5 41. Kd2 Rb3 42. Re6 Rxb2+ 43. Ke1 Ka4 44. Rxe5 Rc2 45. Rxg5 c3 46. Rc5 Kxa3 47.
Rxc3+ Rxc3 48. Nxc3 Kb2 49. Kd2 Kb3 50. g5 Kc4 51.
Be4 Kd4 52. Bxh7 Ke5 53. Bd3 Ke6 54. h4 Kf7 55. h5 Kg7 56. h6+ Kh8 57. g6 a4 58. Nxa4 Kg8 59. Ke3 Kh8 60. Kf4 Kg8 61. Nc5 Kh8 62. Nd7 Kg8 63. g7 Kf7 64. Nf6 Ke6 65.
g8=Q+ Ke7 66. Nd5+ Kd6 67. Ke4 Kc5 68. Qc8+ Kd6 69.
Ne3 Ke7 70. h7 Kf6 71. h8=Q+ Kg5 72. Qf5# 1-0

[Event "*** SCC Grand Prix: Titled Tuesday Blitz"]
[Site "Chess.com"]
[Date "2020.10.06"]
[Round "8"]
[White "UCantHandleDenker"]
[Black "vladgoncharov"]
[Result "0-1"]
[WhiteElo "2552"]
[BlackElo "2464"]
[TimeControl "180+1"]
[EndTime "11:36:56 PDT"]
[Termination "vladgoncharov won on time"]

1. Nf3 Nf6 2. g3 g6 3. Bg2 Bg7 4. O-O O-O 5. d3 d6 6. Nbd2 c5 7. e4 Nc6 8. Re1 Bg4 9. h3 Bxf3 10. Nxf3 Nd7 11. c3 Rb8 12. a4 a6 13. d4 cxd4 14.
cxd4 a5 15. Be3 Nb4 16. Qd2 Qb6 17. e5 d5 18. Bh6 Rfc8 19. Bxg7 Kxg7 20. e6 fxe6 21. Ng5 Nf8 22. Qf4 Rc6 23. Qf7+ Kh8 24. Qxe7 Kg8 25. Rad1 Rc7 26. Qf6 Re8 27. Re3 h6 28. Nf3 Rf7 29. Qh4 Kg7 30. Rde1 Nc2 31. Ne5 Rf5 32. g4 g5 33. Qg3 Rf4 34. Nd3 Nxe3 35. fxe3 Rf6 36. Qe5 Ng6 37. Qg3 Ref8 38. Ne5 Nxe5 39. Qxe5 Rf7 40. h4 gxh4 41. Kh2 Qc7 42.
Kh3 Qxe5 43. dxe5 Rf2 44. Rg1 Rxb2 45. Kxh4 Rb4 46. Bh3 Rf3 47. Bg2 Rxe3 48. Bh3 Rxe5 49. Rf1 Ree4 50. Rc1 Rec4 51. Re1 Kf6 52. Rf1+ Ke7 53.
Kh5 Rxa4 54. Kxh6 Rxg4 55. Re1 Rh4+ 56. Kg5 Rxh3 57. Rf1 Rb3 58. Kh5 Kd6 59. Rg1 Rb2 60. Rg6 Ra3 61. Kh6 Rh3+ 62. Kg7 Rhh2 63. Kf7 Rbe2 64.
Ke8 b5 65. Rg8 b4 66. Kd8 b3 67. Kc8 b2 68. Rd8+ Ke5 0-1

[Event "*** SCC Grand Prix: Titled Tuesday Blitz"]
[Site "Chess.com"]
[Date "2020.10.06"]
[Round "8"]
[White "As0nchess"]
[Black "sokidze"]
[Result "0-1"]
[WhiteElo "2504"]
[BlackElo "2694"]
[TimeControl "180+1"]
[EndTime "11:36:58 PDT"]
[Termination "sokidze won on time"]

1. e4 c6 2. d4 d5 3. Nd2 dxe4 4. Nxe4 Bf5 5. Ng3 Bg6 6. Nh3 Nf6 7. Bc4 Nbd7 8. c3 e6 9. Nf4 Bd6 10. h4 Qc7 11.
Qf3 Nd5 12. Nxg6 hxg6 13. Ne4 Be7 14. h5 N7f6 15. Nxf6+ Nxf6 16. g4 gxh5 17. gxh5 O-O-O 18. Bf4 Qa5 19. Be5 Bd6 20. Bxf6 gxf6 21. Qxf6 Rxh5 22.
O-O-O Rf5 23. Qh4 Rf4 24. Qh7 Rxf2 25. Rdf1 Qg5+ 26. Kb1 Rg2 27. Qd3 Rd7 28. Rh7 Rg1 29. Rxg1 Qxg1+ 30. Kc2 Kc7 31. Qf3 Qg6+ 32. Bd3 Qg8 33.
b4 a6 34. a4 f5 35. Rh6 Rg7 36. b5 Rg2+ 37. Kb3 Rg3 38. Qe2 axb5 39. axb5 Qa8 40.
Rh7+ Kb6 41. Qxe6 Qa3+ 42. Kc2 Qa4+ 43. Kd2 Rg2+ 44. Ke3 Qd1 45. Rxb7+ Kxb7 46. Qd7+ Bc7 47. Qxc6+ Kb8 48. Qxg2 Qe1+ 49. Qe2 Qxc3 50. Qc2 Qb4 51. Qc5 Qe1+ 52. Kf3 Qd1+ 53. Ke3 f4+ 54. Ke4 Qe1+ 55. Kd5 Qe8 56. Qc6 Qd8+ 57. Kc4 Qg8+ 58. d5 Qf8 59. b6 Bd8 60. Qd7 Bxb6 61. Qc6 Qc8 0-1

[Event "*** SCC Grand Prix: Titled Tuesday Blitz"]
[Site "Chess.com"]
[Date "2020.10.06"]
[Round "8"]
[White "ozates"]
[Black "Sesleria"]
[Result "1-0"]
[WhiteElo "2369"]
[BlackElo "2096"]
[TimeControl "180+1"]
[EndTime "11:36:58 PDT"]
[Termination "ozates won by checkmate"]

1. d4 Nf6 2. Nf3 g6 3. Nc3 d5 4. Bf4 Bg7 5. Qd2 c6 6. Bh6 Bxh6 7. Qxh6 Qb6 8. O-O-O Bf5 9. Ne5 Nbd7 10. f3 Nxe5 11.
dxe5 Nd7 12. e4 dxe4 13. Bc4 O-O-O 14. Qf4 exf3 15. gxf3 Qc5 16. Rhe1 e6 17. Rd6 Nb6 18.
Bb3 Rxd6 19. exd6 Rd8 20. Rd1 Nd5 21. Bxd5 cxd5 22. Qa4 Kb8 23. d7 Qc6 24. Qb3 Rxd7 25. a4 a6 26. Rd4 Rc7 27. a5 Qc5 28. Qb4 Qxb4 29. Rxb4 Rc5 30. Kd2 Rxa5 31. Ne2 e5 32. f4 f6 33. h4 Rc5 34. c3 Kc7 35. h5 b5 36. hxg6 hxg6 37. fxe5 fxe5 38. Rh4 Kb6 39. Rh8 Rc7 40. Re8 e4 41. Nd4 Kc5 42. Ra8 Kd6 43.
Rxa6+ Ke5 44. Rb6 Rc5 45. Ke3 Bd7 46. Rxg6 b4 47. cxb4 Rc4 48. Rg5+ Kf6 49. Rxd5 Ba4 50. b5 Rb4 51. Rd6+ Ke7 52. Ra6 Bxb5 53. Rb6 Rxb2 54. Nxb5 Rb4 55. Rb7+ Kf8 56. Kf4 e3+ 57. Kxe3 Ke8 58. Kd3 Kf8 59. Kc3 Rh4 60. Nd4 Rh3+ 61. Kc4 Rh5 62. Nf3 Ke8 63. Kd4 Kd8 64. Ne5 Kc8 65.
Rf7 Rh4+ 66. Kd5 Rh5 67. Kd6 Rh6+ 68. Kc5 Rh5 69. Re7 Kd8 70. Re6 Rg5 71. Kd6 Kc8 72.
Kc6 Kb8 73. Kb6 Kc8 74. Re8# 1-0

[Event "*** SCC Grand Prix: Titled Tuesday Blitz"]
[Site "Chess.com"]
[Date "2020.10.06"]
[Round "8"]
[White "GlennTipton"]
[Black "ExcitingTrap"]
[Result "1-0"]
[WhiteElo "2442"]
[BlackElo "2269"]
[TimeControl "180+1"]
[EndTime "11:36:59 PDT"]
[Termination "GlennTipton won by checkmate"]

1. d4 Nf6 2. Nf3 g6 3. Bf4 Bg7 4. e3 d6 5. h3 O-O 6. Nbd2 c5 7. c3 cxd4 8. exd4 Nc6 9. Be2 e5 10. dxe5 dxe5 11. Nxe5 Nxe5 12. Bxe5 Re8 13. Bxf6 Qxf6 14. O-O Rd8 15. Ne4 Qe7 16. Qc2 Bf5 17. f3 Rac8 18. Rad1 Bd4+ 19. Kh1 Qh4 20. Bd3 Be5 21. Qf2 Qxf2 22.
Nxf2 Be6 23. a3 Bg7 24. Be4 b6 25. Rxd8+ Rxd8 26. Rd1 Rc8 27. Bd5 Bf5 28. g4 Bc2 29. Rd2 Ba4 30. f4 h5 31. Kg2 hxg4 32. hxg4 Re8 33. Kf3 Kf8 34. g5 Rd8 35. Rd3 Bb5 36. c4 Bd7 37. Be4 Bxb2 38. Ng4 Bg7 39. Nf6 Bxf6 40.
gxf6 Ke8 41. Ke3 Ba4 42. Rxd8+ Kxd8 43. Kd4 Kc7 44. Ke5 Bb3 45. Bxg6 Bxc4 46. Bh7 Be6 47. Bg6 Bb3 48. Bh5 Bc4 49. f5 a6 50. Bf3 b5 51.
Kd4 a5 52. Kc5 Bd3 53. Bd5 Bxf5 54. Bxf7 b4 55. a4 Bd7 56. Bb3 Kd8 57. Kd6 Bxa4 58. Bxa4 b3 59. f7 b2 60. f8=Q# 1-0

[Event "*** SCC Grand Prix: Titled Tuesday Blitz"]
[Site "Chess.com"]
[Date "2020.10.06"]
[Round "8"]
[White "ChronicUnhappiness"]
[Black "mapleaff"]
[Result "1-0"]
[WhiteElo "2272"]
[BlackElo "2339"]
[TimeControl "180+1"]
[EndTime "11:37:00 PDT"]
[Termination "ChronicUnhappiness won by checkmate"]

1. c4 e6 2. d4 b6 3. Nc3 Bb7 4. Nf3 Nf6 5. e3 Bb4 6. Bd2 O-O 7. Bd3 Bxc3 8. Bxc3 Ne4 9. Rc1 f5 10. O-O d6 11. Be1 Nd7 12. Nd2 Nxd2 13. Bxd2 Qh4 14. f3 Rf6 15. Be1 Qh6 16. Qe2 Raf8 17. b4 c5 18. Bc3 cxd4 19. exd4 Rg6 20. Bd2 Qh4 21.
Qf2 Qh5 22. Kh1 e5 23. d5 b5 24. c5 Bxd5 25. c6 Nb6 26. c7 Nc8 27. Bxb5 f4 28.
Rfd1 Rh6 29. h3 Be6 30. Be1 Bxh3 31. Kg1 Bxg2 32. Bc4+ Kh8 33. Qxg2 Rg6 34. Bd5 Rff6 35.
Rc2 Qf5 36. Rdd2 Rxg2+ 37. Rxg2 Rf8 38. Bb7 g6 39. b5 Kg7 40. a4 Qd3 41. Be4 Qe3+ 42.
Bf2 Qb3 43. Bh4 Qxa4 44. Bd8 Qd4+ 45. Kh2 Kf7 46. Bb7 Qb6 47. Bxc8 Qxb5 48. Bh3 Qd3 49.
c8=Q Kg7 50. Qg4 h5 51. Rc7+ Kh6 52. Qxg6+ Qxg6 53. Rxg6+ Kxg6 54. Be7 Rf7 55. Bxd6 Rxc7 56. Bxc7 a5 57. Bxa5 e4 58. fxe4 f3 59. Bf5+ Kf6 60.
Be1 Ke5 61. Bf2 Kf4 62. Kh3 h4 63. Kxh4 Ke5 64. Kg3 Kf6 65. Kxf3 Ke5 66. Bg3+ Kf6 67. Kf4 Kf7 68. e5 Ke7 69. Bh4+ Ke8 70. Be4 Kf8 71.
Bd5 Ke8 72. Kf5 Kf8 73. e6 Ke8 74. Kf6 Kf8 75. e7+ Ke8 76. Bc6# 1-0

[Event "*** SCC Grand Prix: Titled Tuesday Blitz"]
[Site "Chess.com"]
[Date "2020.10.06"]
[Round "8"]
[White "Margarita2907"]
[Black "ailime26"]
[Result "0-1"]
[WhiteElo "2172"]
[BlackElo "1864"]
[TimeControl "180+1"]
[EndTime "11:37:02 PDT"]
[Termination "ailime26 won on time"]

1. e4 c5 2. Nf3 Nc6 3. d4 cxd4 4. Nxd4 Nf6 5. Nc3 e5 6. Ndb5 d6 7. Bg5 a6 8. Na3 b5 9. Nd5 Be7 10. Bxf6 Bxf6 11. c3 O-O 12. Nc2 Be6 13. a4 Rb8 14. axb5 axb5 15. Nxf6+ Qxf6 16. Qxd6 Rbc8 17. Qd2 Rfd8 18.
Qe3 Rb8 19. Be2 Bb3 20. Na3 b4 21. cxb4 Rxb4 22. O-O Nd4 23. Bd3 Be6 24. Rfb1 Rdb8 25. Nc2 Rb3 26. Nxd4 exd4 27. Qe2 g6 28. h3 Qe5 29.
Ra7 Qc5 30. Ra6 Rxb2 31. Rxb2 Qc1+ 32. Kh2 Rxb2 33. Qf3 Qg5 34. Ra8+ Kg7 35. g3 Qd2 36. Kg2 Rb3 37. Qf4 Qxf4 38. gxf4 Rxd3 39. Rd8 Bxh3+ 40.
Kh2 Bg4 41. e5 Bf5 42. Kg2 Rd1 43. Kf3 d3 44. Ke3 Re1+ 45. Kd2 Re2+ 46. Kd1 Rxf2 47. Rd4 Rf3 48. Kd2 h5 49. Kd1 Rf2 50. Ra4 Ra2 51. Rxa2 h4 52. Rh2 h3 53. Kd2 Kh6 54. Ke3 Kh5 55.
Kf3 Kh4 56. Kf2 Bg4 57. Ke3 Bf5 58. Kf3 Bg4+ 59. Ke4 d2 0-1

[Event "*** SCC Grand Prix: Titled Tuesday Blitz"]
[Site "Chess.com"]
[Date "2020.10.06"]
[Round "8"]
[White "Colombiano07"]
[Black "WiktoriaPOL"]
[Result "0-1"]
[WhiteElo "2292"]
[BlackElo "2062"]
[TimeControl "180+1"]
[EndTime "11:37:04 PDT"]
[Termination "WiktoriaPOL won by checkmate"]

1. d4 Nf6 2. Nc3 g6 3. e4 d6 4.
Nf3 Bg7 5. h3 O-O 6. Be3 e5 7.
dxe5 dxe5 8. Qxd8 Rxd8 9. Nxe5 Nxe4 10. Nxe4 Bxe5 11. c3 Bf5 12. Nc5 b6 13. Nb3 Nc6 14. Be2 a5 15. Bf3 Rd6 16. Rd1 Rad8 17. Rxd6 Rxd6 18.
O-O a4 19. Nd2 Bd3 20. Re1 f6 21. Be4 Bxe4 22. Nxe4 Rd3 23. Kf1 a3 24. bxa3 f5 25. Nd2 Rxc3 26. Ke2 Rxa3 27. Nc4 Rxa2+ 28. Kf3 b5 29.
Nxe5 Nxe5+ 30. Kg3 Nc4 31. Bh6 Kf7 32. Bg5 Ra3+ 33.
f3 h6 34. Re7+ Kf8 35. Bf6 c5 36. Rc7 Nd2 37. Be7+ Ke8 38. Bxc5 Rc3 39. Re7+ Kd8 40. Re5 Ne4+ 41. Kf4 Nxc5 42. Rd5+ Kc7 43. g4 b4 44. gxf5 gxf5 45. Rxf5 b3 46. Rf7+ Kc6 47. Rf6+ Kb5 48.
Rf8 Kb6 49. Rf6+ Ka7 50. Rf7+ Nb7 51. Rf5 Rc4+ 52. Kg3 Rb4 53. Re5 b2 54. Re1 b1=Q 55. Rxb1 Rxb1 56. Kg4 Rb5 57. f4 Nd6 58. f5 Rxf5 59. h4 Re5 60. h5 Re4+ 61. Kf3 Rd4 62. Kg3 Rc4 63. Kf3 Kb6 64. Kg3 Kc5 65. Kf3 Kd5 66. Kg3 Ke5 67. Kf3 Kf5 68. Kg3 Rc3+ 69. Kh4 Rc4+ 70. Kh3 Ne4 71. Kh4 Nf6+ 72. Kh3 Nxh5 73.
Kg2 Nf4+ 74. Kf2 Rc2+ 75. Kg3 Rc3+ 76. Kh4 Rh3# 0-1

[Event "*** SCC Grand Prix: Titled Tuesday Blitz"]
[Site "Chess.com"]
[Date "2020.10.06"]
[Round "8"]
[White "KarstenHansch"]
[Black "Moultino06"]
[Result "1-0"]
[WhiteElo "2507"]
[BlackElo "2635"]
[TimeControl "180+1"]
[EndTime "11:37:06 PDT"]
[Termination "KarstenHansch won on time"]

1. e4 c5 2. Nf3 d6 3. Bb5+ Nc6 4. O-O a6 5. Bxc6+ bxc6 6. c3 Nf6 7. Re1 g6 8. d4 cxd4 9. cxd4 Bg7 10. h3 O-O 11.
Nc3 Nd7 12. Bg5 h6 13. Bh4 g5 14. Bg3 Qb6 15. Na4 Qa5 16. e5 d5 17. e6 fxe6 18. Rxe6 Nb6 19. Nxb6 Bxe6 20. Nxa8 Rxa8 21. Qe2 Bf7 22.
Qxe7 Re8 23. Qd6 Re6 24. Qb8+ Re8 25. Qd6 Qb6 26. b3 Re6 27. Qd7 Bxd4 28. Rc1 Bg7 29. Qc8+ Kh7 30. Qd7 Kg8 31. Bc7 Qb7 32. Qd8+ Re8 33.
Qd6 Re6 34. Qd8+ Re8 35. Qd7 Re6 36. Re1 Rxe1+ 37. Nxe1 Bf8 38. Nd3 Bg7 39. Nc5 Qb5 40. Ne6 Bxe6 41. Qxe6+ Kh7 42. Qf5+ Kg8 43. Qc8+ Kh7 44.
Qd7 Qe2 45. Qxc6 Qxa2 46. Qxd5 Qa1+ 47. Kh2 Qb2 48. Qe4+ Kg8 49. Qc4+ Kh7 50. Bg3 Qb1 51. f3 h5 52. Qe4+ Qxe4 53. fxe4 Kg6 54. Kg1 Kf7 55. Kf2 Ke6 56. Ke3 Bf6 57. Kd3 Bg7 58. Kc4 Bf8 59. Bh2 Be7 60. Bc7 Bf8 61. Kd4 Be7 62. e5 Bf8 63.
Ke4 Bc5 64. Bd6 Bb6 65. g4 hxg4 66. hxg4 Ba7 67. Kd3 Bf2 68. Ke4 Bg1 69. Bb4 Bh2 70.
Bd2 Bxe5 71. Bxg5 Bc3 72. Be3 Kf6 73. Kd3 Bb4 74. Kc4 Be7 75. Kd5 1-0

[Event "*** SCC Grand Prix: Titled Tuesday Blitz"]
[Site "Chess.com"]
[Date "2020.10.06"]
[Round "8"]
[White "teacher4chess"]
[Black "shineatchess"]
[Result "1/2-1/2"]
[WhiteElo "2014"]
[BlackElo "2166"]
[TimeControl "180+1"]
[EndTime "11:37:07 PDT"]
[Termination "Game drawn by repetition"]

1. d4 Nf6 2. Nf3 d5 3. c4 c6 4. g3 g6 5. Bg2 Bg7 6. cxd5 cxd5 7. Nc3 Nc6 8. O-O O-O 9. e3 Bf5 10. Nh4 Bg4 11. Nf3 Qd7 12. Qa4 Bxf3 13. Bxf3 e6 14.
b4 a6 15. Qb3 Rfc8 16. Na4 Qd8 17. Bb2 Nd7 18. Rac1 h5 19. Rc2 Ne7 20. Rfc1 Rxc2 21. Rxc2 Rc8 22. Nc5 Rc7 23. Bd1 Nb6 24. a4 Nf5 25. b5 axb5 26. Qxb5 Nc4 27. Nxb7 Qb8 28. Nd6 Qd8 29. Nxc4 dxc4 30. Rxc4 Rxc4 31. Qxc4 h4 32. Bf3 hxg3 33. hxg3 Qg5 34. Kg2 Nh4+ 35. Kf1 Nxf3 36. Qc8+ Kh7 37. Bc3 Nh2+ 38. Kg2 Ng4 39.
a5 Qf5 40. Be1 Qd5+ 41. Kg1 Qb5 42. a6 Qb1 43. Kf1 Nh2+ 44. Ke2 Qb2+ 45. Bd2 Nf3 46.
Kxf3 Qxd2 47. a7 Qd1+ 48. Kg2 Bxd4 49. a8=Q Bxe3 50. Qg8+ Kh6 51. Qh8+ Kg5 52. Qh4+ Kf5 53. Qa5+ e5 54. fxe3 Qe2+ 55. Kh3 Qf1+ 56. Kh2 Qf2+ 57.
Kh1 Qf1+ 58. Kh2 Qf2+ 59. Kh3 Qf1+ 60. Kh2 1/2-1/2

[Event "*** SCC Grand Prix: Titled Tuesday Blitz"]
[Site "Chess.com"]
[Date "2020.10.06"]
[Round "8"]
[White "boasovietica"]
[Black "serena-maria"]
[Result "0-1"]
[WhiteElo "2440"]
[BlackElo "2309"]
[TimeControl "180+1"]
[EndTime "11:37:09 PDT"]
[Termination "serena-maria won by resignation"]

1. e4 c5 2. Nf3 d6 3. d4 cxd4 4. Nxd4 Nf6 5. Nc3 g6 6. Be2 Bg7 7. O-O O-O 8. Bg5 Nc6 9. Nb3 Be6 10. Kh1 Qc8 11. f4 Rd8 12. Qe1 d5 13. exd5 Nxd5 14.
Nxd5 Bxd5 15. c3 h6 16. Bh4 Qh3 17. Bf3 Qf5 18. Bxd5 Qxd5 19. Rd1 Qb5 20. f5 Rxd1 21. Qxd1 Rd8 22. Qe1 gxf5 23. h3 Rd3 24. Qf2 e6 25.
Bg3 Qd5 26. Kh2 b6 27. Re1 Bf6 28. Re2 Kg7 29. Nd2 Kh7 30. Nf3 Qxa2 31. Bf4 Qd5 32. Qg3 Ne7 33. Be5 Bg5 34. Nxg5+ hxg5 35. Qxg5 Ng6 36.
Qh5+ Kg8 37. Bd4 e5 38. Bf2 f4 39. Bh4 Rd2 40. Bf6 Rxe2 41. Qxe2 Qe6 42. Bg5 f6 43. Qe1 fxg5 44. Qe4 g4 45. Qa8+ Kg7 46. hxg4 Qxg4 47.
Qxa7+ Kh6 48. Qxb6 Qh4+ 49. Kg1 Qe1+ 50. Kh2 Qg3+ 51.
Kh1 f3 52. gxf3 Qxf3+ 53. Kg1 Qg3+ 54. Kf1 Qf3+ 55. Ke1 Kg5 56. Qg1+ Kf5 57. Qf2 Qxf2+ 58. Kxf2 Nf4 59. Ke3 Nd5+ 60. Kd3 e4+ 61. Ke2 Nb6 62.
b3 Nd5 63. c4 Nb4 64. Ke3 Ke5 65. Ke2 Kd4 66. Kd2 e3+ 67. Ke2 Nd3 68. c5 Nxc5 69.
b4 Ne4 70. b5 Nc3+ 71. Ke1 Nxb5 0-1

[Event "*** SCC Grand Prix: Titled Tuesday Blitz"]
[Site "Chess.com"]
[Date "2020.10.06"]
[Round "8"]
[White "andrzej"]
[Black "glebus008"]
[Result "1/2-1/2"]
[WhiteElo "2302"]
[BlackElo "2228"]
[TimeControl "180+1"]
[EndTime "11:37:11 PDT"]
[Termination "Game drawn by repetition"]

1. e4 c5 2. Nf3 e6 3. d4 cxd4 4. Nxd4 Nf6 5. Nc3 d6 6. g3 Be7 7. Bg2 O-O 8. O-O Nc6 9. f4 Nxd4 10. Qxd4 Nd7 11. Qf2 Nb6 12. a4 Bf6 13. Rd1 Bxc3 14. bxc3 Nc4 15. Qd4 Qc7 16. Bf1 d5 17. Bxc4 dxc4 18. Ba3 Re8 19. Rab1 b6 20. Rb4 Ba6 21.
Rbb1 Rad8 22. Qe3 Qc6 23. Bb4 Bb7 24. a5 Qxe4 25. Qxe4 Bxe4 26. axb6 axb6 27. Kf2 Bxc2 28. Rxd8 Rxd8 29. Rb2 Bb3 30. Ke3 f6 31. Rd2 Ra8 32.
Rd6 Kf7 33. Rxb6 Ra2 34. h4 Bc2 35. h5 Ra7 36. Rc6 Bd3 37. Bd6 Rd7 38. Rc7 Ke8 39.
Rxd7 Kxd7 40. Bf8 g6 41. hxg6 hxg6 42. Bg7 Ke7 43. Bh8 Kf7 44. g4 Bc2 45. g5 fxg5 46.
fxg5 Bd3 47. Kf4 Ke8 48. Ke5 Bf5 49. Bf6 Kd7 50. Bg7 Kc6 51. Bf6 Kb5 52. Bg7 Ka4 53. Kd4 Kb3 54. Bf6 Kc2 55. Ke3 Kb3 56. Be5 Bd3 57. Kd4 Ka4 58. Bf6 Kb5 59. Be5 Kc6 60. Bf6 Kd7 61. Be5 Ke8 62. Bf6 Kf7 63. Ke5 Be2 64.
Kd6 Bf1 65. Ke5 Bg2 66. Kd6 e5 67. Kxe5 Bf1 68. Kd4 Bd3 69. Ke5 Be2 70. Kd4 Ke6 71.
Ke3 Bd3 72. Kf4 Bc2 73. Bd4 Bb3 74. Bf6 Kd5 75. Bd4 Bc2 76. Bf6 Bf5 77. Bd4 Kc6 78. Ke5 Kb5 79. Kf6 Ka4 80. Be5 Kb3 81. Bd4 Kc2 82. Be5 Kd3 83. Bd4 Be4 84. Be5 Bf5 85.
Bd4 Be4 86. Be5 Bf5 1/2-1/2

[Event "*** SCC Grand Prix: Titled Tuesday Blitz"]
[Site "Chess.com"]
[Date "2020.10.06"]
[Round "8"]
[White "Aygehovit1992"]
[Black "chessfrendz"]
[Result "1-0"]
[WhiteElo "2612"]
[BlackElo "2382"]
[TimeControl "180+1"]
[EndTime "11:37:13 PDT"]
[Termination "Aygehovit1992 won on time"]

1. Nf3 Nf6 2. c4 Nc6 3. Nc3 e5 4. d4 exd4 5. Nxd4 Bc5 6. e3 O-O 7. Be2 Re8 8. O-O d6 9. b3 Nxd4 10. exd4 Bb4 11. Bb2 c6 12. d5 c5 13. Qc2 Bg4 14. Bd3 Bh5 15. a3 Ba5 16. h3 Bg6 17. f4 Bxd3 18. Qxd3 Qe7 19. Rf3 Bxc3 20. Bxc3 Qe2 21.
Bxf6 Qxd3 22. Rxd3 gxf6 23. Kf2 f5 24. Rg3+ Kf8 25.
Rg5 Re4 26. Rxf5 Rae8 27. Ra2 Kg7 28. g3 h6 29. Rh5 Kg6 30. Rh4 f5 31. g4 Rxf4+ 32.
Kg3 Rf1 33. gxf5+ Kg5 34. Rg4+ Kxf5 35. Kh4 Re3 36. Rh2 Rxb3 37. Kh5 Rf4 38. Rxf4+ Kxf4 39. Kxh6 Kg3 40. Rh1 Kh4 41. Re1 Rxh3 42. Re6 Rc3 43. Rxd6 Rxc4 44. Kg6 Rd4 45. Kf5 c4 46. Ke5 Rd2 47.
Rd8 b5 48. d6 c3 49. Rc8 c2 50. d7 Rxd7 51. Rxc2 Rd3 52. Ra2 Rb3 53. Kd4 a5 54.
Kc5 b4 55. a4 Ra3 56. Rg2 Rxa4 57. Kb5 Ra3 58. Rg1 Kh3 59. Rg8 Ra2 60. Rg7 b3 61.
Kc4 a4 62. Rb7 Rc2+ 63. Kb4 b2 64. Ka3 b1=Q 65. Rxb1 Rc4 66. Rb4 1-0

[Event "*** SCC Grand Prix: Titled Tuesday Blitz"]
[Site "Chess.com"]
[Date "2020.10.06"]
[Round "8"]
[White "banane_verte"]
[Black "Gusarov91"]
[Result "0-1"]
[WhiteElo "2448"]
[BlackElo "2576"]
[TimeControl "180+1"]
[EndTime "11:37:21 PDT"]
[Termination "Gusarov91 won by checkmate"]

1. e4 c5 2. Nc3 a6 3. g3 b5 4. Bg2 Bb7 5. Nge2 b4 6. Na4 e6 7. d3 Nc6 8. O-O Nf6 9. a3 d5 10. exd5 exd5 11. axb4 Nxb4 12. Bg5 Bd6 13. c3 Nc6 14. Bxd5 O-O 15. Bg2 h6 16. Be3 Nd7 17. d4 cxd4 18. Nxd4 Qc7 19. Nf5 Be5 20. Bxc6 Bxc6 21.
Ne7+ Kh8 22. Nxc6 Qxc6 23. f4 Bf6 24. Qf3 Qb5 25. b4 Rac8 26. Bc5 Rfe8 27. Rfd1 Nxc5 28. Nxc5 Qc4 29. Rac1 a5 30. Nd7 axb4 31. Nxf6 gxf6 32. cxb4 Qxc1 33. Rxc1 Rxc1+ 34. Kg2 Rc2+ 35. Kh3 Ree2 36. Qa8+ Kg7 37. Kg4 Rxh2 38. b5 Rc3 39. f5 h5+ 40. Kf4 Rf2+ 41. Ke4 Rb2 42. Qa6 Rxg3 43. Kf4 Rgb3 44.
Qa7 Rb4+ 45. Kf3 R2b3+ 46. Ke2 Rxb5 47. Qg1+ Kh7 48. Qa7 Re5+ 49. Kd2 Kg7 50. Qg1+ Kf8 51. Qd4 Rxf5 52. Qd8+ Kg7 53. Qd7 Rbf3 54. Ke2 R3f4 55. Qd8 Re5+ 56. Kd3 Rf1 57. Qa8 Rd1+ 58. Kc2 Red5 59. Qb8 R1d2+ 60. Kc3 R2d3+ 61. Kc4 h4 62. Qh2 h3 63. Qg1+ Kf8 64. Qa7 R5d4+ 65. Kc5 Rd8 66.
Qb6 Rc3+ 67. Kb4 Rdd3 68. Qg1 Rb3+ 69. Kc4 Rg3 70. Qf2 Rbf3 71. Qe2 Kg7 72. Qd2 Rg2 73. Qd1 Rfg3 74. Qh5 h2 75. Kc5 Rg5+ 76. Qxg5+ Rxg5+ 77. Kc6 h1=Q+ 78. Kd7 Qe1 79. Kc6 Rg2 80. Kb5 Rd2 81. Kb4 Qc1 82. Kb3 Rb2+ 83. Ka4 Qa1# 0-1

[Event "*** SCC Grand Prix: Titled Tuesday Blitz"]
[Site "Chess.com"]
[Date "2020.10.06"]
[Round "8"]
[White "zubridis"]
[Black "Korchmar_Vasiliy"]
[Result "0-1"]
[WhiteElo "2470"]
[BlackElo "2581"]
[TimeControl "180+1"]
[EndTime "11:37:25 PDT"]
[Termination "Korchmar_Vasiliy won on time"]

1. e4 c5 2. d4 cxd4 3. c3 dxc3 4. Nxc3 Nc6 5. Nf3 d6 6. Bc4 e6 7. O-O Nf6 8. Qe2 Be7 9. Rd1 e5 10. Be3 O-O 11. b4 Bg4 12. h3 Bh5 13. a3 Rc8 14. g4 Bg6 15. Bd3 Nxb4 16. axb4 Rxc3 17. Bxa7 d5 18. Nxe5 Bxe4 19. Bd4 Rc8 20. f3 Bxd3 21.
Nxd3 Re8 22. Qf2 Bd6 23. Re1 Nd7 24. Rxe8+ Qxe8 25. Re1 Qd8 26. Kg2 Nf8 27. Bc5 Ne6 28. f4 Bxc5 29. bxc5 d4 30. f5 Nxc5 31. Nxc5 Rxc5 32.
Qxd4 Rc2+ 33. Kf3 Qc8 34. Qa4 Rc6 35. Qe4 Rc3+ 36. Kg2 h5 37. g5 Rc2+ 38. Kh1 Qc6 39. g6 fxg6 40. fxg6 Rc1 41. Kh2 Qxe4 42. Rxe4 Kf8 43.
Rf4+ Kg8 44. Rd4 Kf8 45. Rd7 Rc6 46. Rf7+ Kg8 47. Rxb7 Rxg6 48. h4 Rh6 49. Kg3 Kh7 50.
Kf4 Rg6 51. Kf3 Kh6 52. Rb4 Rg1 53. Kf2 Rg4 54. Rb6+ g6 55. Rb7 Rxh4 56. Kf3 Rh3+ 57. Kf4 Rc3 58. Rd7 Rc4+ 59. Kf3 Rc5 60. Rd6 Rf5+ 61.
Kg3 Rg5+ 62. Kh4 Rg4+ 63. Kh3 Ra4 64. Rd5 Re4 65. Rd6 Re5 66. Rd4 Kg5 67. Rd1 Re3+ 68. Kg2 Kg4 69. Kf2 Re4 70. Kg2 g5 71. Rg1 Kf5 72.
Kf1 Rf4+ 73. Ke2 Rg4 74. Rf1+ Rf4 75. Re1 Re4+ 76. Kf1 Rxe1+ 77. Kxe1 Kf4 78. Kf2 Kg4 0-1

[Event "*** SCC Grand Prix: Titled Tuesday Blitz"]
[Site "Chess.com"]
[Date "2020.10.06"]
[Round "8"]
[White "Caterpiller35"]
[Black "ZverevLev"]
[Result "1-0"]
[WhiteElo "2493"]
[BlackElo "2336"]
[TimeControl "180+1"]
[EndTime "11:37:25 PDT"]
[Termination "Caterpiller35 won on time"]

1. d4 Nf6 2. Bg5 Ne4 3. Bf4 d5 4. e3 c5 5. Bd3 cxd4 6. Bxe4 dxe4 7. Qxd4 Qxd4 8. exd4 Nc6 9. c3 e6 10. Nd2 f5 11. f3 exf3 12. Ngxf3 Be7 13. O-O O-O 14. Rae1 Bd7 15. Nc4 Bf6 16. Nd6 b6 17. Nb5 Rac8 18.
Nc7 Kf7 19. Nb5 Kg8 20. Nd6 Rcd8 21. Nc4 Ne7 22. Nce5 Nd5 23. Nxd7 Rxd7 24. Be5 Bxe5 25. Rxe5 Rf6 26. Rfe1 Nf4 27. R5e3 Rd6 28. g3 Nd5 29.
R3e2 h6 30. Ne5 f4 31. Nc4 Rc6 32. Ne5 Rd6 33. Nd3 fxg3 34. hxg3 Rf3 35. Nf2 Rxg3+ 36.
Kh2 Rg6 37. Nd3 Rf6 38. Rg1 Rd8 39. Reg2 g5 40. Ne5 Nf4 41. Rg4 Ng6 42. Nd3 Rf3 43.
Nb4 Nf4 44. R4g3 Rf2+ 45. Kh1 Ne2 46. R3g2 Rxg2 47. Rxg2 Nf4 48. Rh2 Kg7 49. Nc6 Rd6 50. Nxa7 e5 51. Nb5 Rd8 52. Rd2 e4 53. Kh2 e3 54.
Rd1 e2 55. Re1 Re8 56. Kg3 Nd3 57. Nd6 Re3+ 58. Kg2 Nxe1+ 59. Kf2 Nd3+ 60. Kxe3 e1=Q+ 61. Kxd3 Qd1+ 62. Kc4 Qa4+ 63. Kd5 Qxa2+ 64. c4 Qxb2 65. c5 bxc5 66. dxc5 Qd2+ 67. Ke6 Qe3+ 68. Kd5 Qd3+ 69. Ke6 g4 70. c6 Qf3 71. c7 Qc3 72. Kd7 g3 73.
Nf5+ 1-0

[Event "*** SCC Grand Prix: Titled Tuesday Blitz"]
[Site "Chess.com"]
[Date "2020.10.06"]
[Round "8"]
[White "Onischuk_V"]
[Black "WIDBIFS"]
[Result "1/2-1/2"]
[WhiteElo "2851"]
[BlackElo "2738"]
[TimeControl "180+1"]
[EndTime "11:37:29 PDT"]
[Termination "Game drawn - insufficient material"]

1. e4 c6 2. d4 d5 3. Nc3 dxe4 4. Nxe4 Nf6 5. Nxf6+ exf6 6. c3 Bd6 7. Bd3 O-O 8. Qc2 Re8+ 9. Ne2 h5 10. O-O Qc7 11. h3 Nd7 12. Re1 Nf8 13. c4 Be6 14. c5 Be7 15. Nf4 h4 16. Be3 Rad8 17. Rad1 Qd7 18.
b3 b5 19. d5 Bxd5 20. Nxd5 Qxd5 21. Bf5 Qe5 22. Rxd8 Rxd8 23. Qe4 Rd5 24. Bc1 Qxf5 25. Qxf5 Rxf5 26. Rxe7 Rxc5 27. Be3 Re5 28. Rxa7 Ne6 29. a4 bxa4 30. bxa4 Re4 31. a5 Ra4 32. a6 c5 33.
Ra8+ Kh7 34. a7 Nc7 35. Rf8 Rxa7 36. Rxf7 Ra1+ 37. Kh2 Ne6 38. Re7 Ra6 39. Rd7 Rc6 40. f4 Kg6 41. Rd5 Kf7 42. f5 Nc7 43. Rd7+ Kg8 44.
Bf2 c4 45. Bxh4 c3 46. Rd1 c2 47. Rc1 Nd5 48. Be1 Nf4 49. Bd2 Nd3 50. Ra1 Kh7 51.
g4 Rb6 52. Ra3 Nb2 53. Rc3 Rd6 54. Rxc2 Nd3 55. Be3 Ne5 56. Bf4 Nf3+ 57. Kg3 Nd4 58. Rd2 Rd5 59. Be3 Nxf5+ 60. gxf5 Rxf5 61. Rd4 Kg6 62. Kh4 Kf7 63. Kg3 Kg6 64. Bf4 Kf7 65. Ra4 Rd5 66.
Be3 g5 67. Kf3 Kg6 68. Ke4 Re5+ 69. Kf3 Rf5+ 70. Kg3 Re5 71. Bd4 Re6 72. Kf3 Rd6 73.
Ke4 Re6+ 74. Kd5 Kf5 75. Ra1 Re4 76. Rf1+ Rf4 77. Rxf4+ Kxf4 78. Bxf6 Kg3 79. Bxg5 Kxh3 1/2-1/2